 Dungeon Crawl Stone Soup version 0.30.1-4-g462c640d31 (webtiles) character file.

Game seed: 11222226517005323484

11 croobank the Sneak (level 2, 0/24 HPs)
             Began as a Demonspawn Delver on Sept 6, 2023.
             Slain by Pargi (2 damage)
             ... in a sewer.
             The game lasted 00:04:03 (164 turns).

croobank the Sneak (Demonspawn Delver)               Turns: 164, Time: 00:04:04

Health: 0/24       AC:  3    Str: 12    XL:     2   Next: 13%
Magic:  2/2        EV: 11    Int: 11    God:
Gold:   15         SH:  0    Dex: 14    Spells: 1/1 levels left

rFire   . . .        a - +0 short sword
rCold   . . .        (no shield)
rNeg    . . .        b - +0 leather armour
rPois   .            (no helmet)
rElec   .            (no cloak)
rCorr   .            (no gloves)
SInv    .            (no boots)
Will    .....        (no amulet)
Stlth   +++          (no ring)
HPRegen 0.24/turn    (no ring)
MPRegen 0.08/turn

%: no passive effects
@: flying, hasted, very quick
A: weakness stinger 1
a: no special abilities


You were in a sewer.
You visited 1 branch of the dungeon, and saw 2 of its levels.
You also visited: Sewer.

You collected 15 gold pieces.

Inventory:

Hand Weapons
 a - a +0 short sword (weapon)
Armour
 b - a +0 leather armour (worn)
Wands
 g - a wand of digging (3)
Scrolls
 c - a scroll of fog
 d - a scroll of magic mapping


   Skills:
 - Level 3.0 Fighting
 - Level 1.7 Short Blades
 - Level 1.7 Dodging
 + Level 5.0 Stealth


You had one spell level left.
You didn't know any spells.
Your spell library contained the following spells:

 Spells                   Type           Power      Damage    Failure   Level
 Tukima's Dance           Hex            0%         N/A       80%         3
 Passage of Golubria      Tloc           0%         N/A       99%         4
 Yara's Violent Unravell  Hex/Tmut       0%         3d3       100%        5


Dungeon Overview and Level Annotations

Branches:
Dungeon (6/15)              Sewer (1/1)
 Temple: D:4-7

Altars:

Annotations:
Sewer Pargi


Innate Abilities, Weirdness & Mutations

You have a small tail.


Message History

Pargi is heavily wounded.
Pargi bites you. Pargi closely misses you. Pargi claws you but does no damage.
You feel yourself speed up. Pargi misses you. Pargi completely misses you.
Pargi claws you.
You hit Pargi but do no damage.
Pargi is heavily wounded.
Pargi barely misses you. x2; Pargi closely misses you.
You hit Pargi. You tail-slap Pargi.
Pargi is severely wounded.
Pargi completely misses you. Pargi barely misses you. Pargi closely misses you.
You hit Pargi.
Pargi is severely wounded.
You hit Pargi but do no damage.
Pargi is severely wounded.
Pargi misses you. Pargi barely misses you. Pargi claws you.
You hit Pargi.
Pargi is severely wounded.
You closely miss Pargi.
Pargi is severely wounded.
Pargi bites you! Pargi claws you. Pargi claws you but does no damage.
You hit Pargi but do no damage.
Your tail-slap misses Pargi.
Pargi is severely wounded.
You hit Pargi but do no damage.
Pargi is severely wounded.
Pargi bites you.
* * * LOW HITPOINT WARNING * * *
Pargi claws you.
* * * LOW HITPOINT WARNING * * *
Pargi barely misses you.
It was a potion of flight.
You feel very buoyant.
You fly up into the air.
Pargi barely misses you. Pargi claws you.
* * * LOW HITPOINT WARNING * * *
Pargi claws you but does no damage.
As you read the scroll labelled WAD ROOQIW, it crumbles to dust.
You feel a surge of unholy energy.
Pargi convulses!
It was a scroll of torment.
You closely miss Pargi.
Pargi is severely wounded.
Pargi barely misses you. x2; Pargi claws you.
You die...

######### #.##.##.#
#)##.##T#
#+##+##'##'##@##+#
.................#
~~~~~~~.~~~~~~~~~#~~~
≈≈≈≈≈≈≈∩≈≈≈≈≈≈≈≈≈#≈≈≈
~~~~~~~.~~~~~~~~~#~~~
.................####
#+##+##.##+##+##+#
#.# #∩#


You could see Pargi.

Vanquished Creatures
  A river rat (D:6)
  A bat (D:6)
  A kobold (Sewer)
3 creatures vanquished.

Notes
Turn   | Place    | Note
-------+----------+-------------------------------------------
     0 | D:5      | croobank the Demonspawn Delver began the quest for the Orb.
     0 | D:5      | Reached XP level 1. HP: 18/18 MP: 1/1
    57 | D:6      | Found a glowing drain.
    57 | D:6      | Noticed a steam dragon
    81 | D:6      | Reached skill level 5 in Stealth
    81 | D:6      | Gained mutation: You have a small tail. [demonic ancestry]
    81 | D:6      | Reached XP level 2. HP: 12/24 MP: 2/2
    86 | Sewer    | Entered a sewer
   150 | Sewer    | Noticed Pargi
   164 | Sewer    | Slain by Pargi

Illustrated notes

Levels and vault maps discovered:
D:5:      kennysheep_six_static_rooms, layout_loops_corners,
          mainiacjoe_overflow_catwalk, makhleb_grotto_becter, minmay_manual_mail
D:6:      layout_basic, gammafunk_temple_of_torment,
          cheibrodos_sewer_entry_sluice
Sewer:    kennysheep_door_sewer

Skill      XL: |  1 |
---------------+----+-----
Stealth        | 5 |  5.0
Fighting       | |  3.0
Short Blades   | |  1.7
Dodging        | |  1.7

Action                     || total
---------------------------++-------
  Melee: Short sword       ||    29
         Tailslap          ||     2
    Use: Scroll            ||     2
         Potion            ||     2
   Stab: Sleeping          ||     4
 Armour: Leather armour    ||    14
  Dodge: Dodged            ||    31
